 Dungeon Crawl Stone Soup version 0.20.0-15-g7f486f2 (webtiles) character file.

116 Merkmirnix the Sneak (level 4, 0/33 HPs)
             Began as a Vampire Assassin on July 1, 2017.
             Slain by an orc
             ... wielding a +1 vampiric hand axe
              (3 damage)
             ... on level 3 of the Dungeon.
             The game lasted 00:16:08 (4076 turns).

Merkmirnix the Sneak (Vampire Assassin)             Turns: 4076, Time: 00:16:08

Health: 0/33       AC:  3    Str: 11    XL:     4   Next: 70%
Magic:  4/4        EV: 13    Int: 13    God:
Gold:   134        SH:  0    Dex: 15    Spells: 3/3 levels left

rFire    . . .     SeeInvis +   a - +2 dagger
rCold    + . .     Gourm    .   (no shield)
rNeg     + + .     Faith    .   c - +0 robe
rPois    +         Spirit   .   (no helmet)
rElec    .         Reflect  .   d - +0 cloak
rCorr    .         Harm     .   (no gloves)
MR       .....                  (no boots)
Stlth    +++++.....             (no amulet)
Regen    0.1/turn               (no ring)
MPRegen  0.1/turn               (no ring)

@: regenerating slowly, slowed, very slow
A: fangs 3, see invisible, unbreathing
a: Bat Form


You were on level 3 of the Dungeon.
You were very thirsty.

You visited 1 branch of the dungeon, and saw 3 of its levels.

You collected 134 gold pieces.

Inventory:

Hand Weapons
 a - a +2 dagger (weapon)
 b - a +0 blowgun
Missiles
 e - 8 poisoned needles
 f - 2 curare-tipped needles
Armour
 c - a +0 robe (worn)
 d - a +0 cloak (worn)
Jewellery
 t - an uncursed ring of see invisible {unknown}
Scrolls
 m - 2 scrolls of recharging {unknown}
 o - 2 scrolls of remove curse {unknown}
 q - 2 scrolls of identify {unknown}
 r - a scroll of magic mapping {unknown}
 s - 2 scrolls of noise {unknown}
Potions
 g - 10 potions of blood
 j - a potion of degeneration {unknown}
 k - a potion of brilliance {unknown}
 l - a potion of might {unknown}
 n - a potion of lignification {unknown}
Comestibles
 h - 4 fruits
 i - 5 bread rations
 p - a royal jelly


   Skills:
 + Level 2.1 Fighting
 + Level 2.9 Short Blades
 + Level 1.8 Throwing
 + Level 2.4 Dodging
 + Level 7.6 Stealth


You had 3 spell levels left.
You didn't know any spells.

Dungeon Overview and Level Annotations

Branches:
Dungeon (3/15)

Altars:
Makhleb
Uskayaw
Zin


Innate Abilities, Weirdness & Mutations

You heal slowly.
You have razor-sharp teeth.
You have supernaturally acute eyesight. (SInv)
You can survive without breathing.


Message History

The orc barely misses you.
There is an open door here.
The orc wizard points at you and mumbles some strange words.
You feel yourself slow down.
Found 14 gold pieces.
The orc wizard gestures wildly while chanting.
The orc wizard blinks!
The orc wizard hits you with a dagger.
* * * LOW HITPOINT WARNING * * *
The orc wizard barely misses you.
The orc wizard hits you but does no damage.
The orc wizard gestures wildly while chanting.
The orc wizard blinks!
The orc wizard casts a spell.
The orc wizard blinks!
You see here 14 gold pieces.
The orc hits you but does no damage. The orc misses you.
A hobgoblin comes into view. It is wielding a club.
The orc hits you with a vampiric hand axe.
You die...

.......'.........o...............
#...####.........###.......###.##
#..## ##.......## #o#.##### #.##
##.....## #.# # #.# ##...## #.#
#.# ##'## #o# #.# #.# #.# ##
..#### ##.#######o# .. .....#
#...g.@os.o# ## .###.#
##...######## .# #.#####.....#
.###.##.......## ........####.##
####>#### #.# ####.# #.# .....#
#.# ###### #.#


You could see an orc wizard, 2 orcs, a giant cockroach and a hobgoblin
(wandering).

Vanquished Creatures
  3 adders
  An ooze (D:2)
  3 worms
  2 orcs (D:3)
  A giant cockroach (D:1)
  7 goblins
  11 hobgoblins
  8 jackals
  4 quokkas (D:2)
  12 bats
  2 frilled lizards (D:2)
  10 kobolds
  2 rats (D:1)
66 creatures vanquished.

Notes
Turn   | Place    | Note
-------+----------+-------------------------------------------
     0 | D:1      | Merkmirnix the Vampire Assassin began the quest for the Orb.
     0 | D:1      | Reached XP level 1. HP: 16/16 MP: 1/1
    34 | D:1      | Reached skill level 6 in Stealth
   359 | D:1      | Reached XP level 2. HP: 22/22 MP: 2/2
  1171 | D:2      | Reached XP level 3. HP: 14/27 MP: 3/3
  1716 | D:2      | Found a glowing silver altar of Zin.
  1790 | D:2      | Reached skill level 7 in Stealth
  1835 | D:2      | Found a burning altar of Makhleb.
  2085 | D:2      | Found a hide-covered altar of Uskayaw.
  2085 | D:2      | Noticed a dagger
  2086 | D:2      | Noticed a dagger
  3142 | D:2      | Reached XP level 4. HP: 18/33 MP: 4/4
  4076 | D:3      | Slain by an orc

Skill      XL: |  1  2  3 |
---------------+----------+-----
Stealth        | 6 7 |  7.6
Fighting       | 2 |  2.1
Dodging        | 2 |  2.4
Short Blades   | |  2.9
Throwing       | |  1.8

Action                   |  1- 3 |  4- 6 || total
-------------------------+-------+-------++-------
Melee: Dagger            |   146 |    79 ||   225
       Bite              |    15 |     6 ||    21
       Unarmed           |    12 |       ||    12
 Abil: End Transformatio |     1 |       ||     1
       Bat Form          |     1 |       ||     1
  Use: Potion            |     3 |     1 ||     4
 Stab: Sleeping          |    10 |     5 ||    15
Armor: Robe              |    52 |    21 ||    73
Dodge: Dodged            |   108 |    60 ||   168
